 Dungeon Crawl Stone Soup version 0.31-a0-865-g3d5d91748a (webtiles) character file.

Game seed: 17560599157932864021

142 IdlyInterested the Vexing (level 5, -1/38 HPs)
             Began as a Demonspawn Wanderer on Oct 10, 2023.
             Slain by a quokka (4 damage)
             ... on level 3 of the Dungeon.
             The game lasted 00:09:19 (2230 turns).

IdlyInterested the Vexing (Demonspawn Wanderer)     Turns: 2230, Time: 00:09:20

Health: -1/38      AC:  8    Str: 12    XL:     5   Next: 3%
Magic:  6/6        EV:  6    Int: 14    God:
Gold:   104        SH:  0    Dex: 14    Spells: 6/6 levels left

rFire   . .          .
                       - Unarmed
rCold   . . .        (no shield)
rNeg    . . .        d - +0 chain mail
rPois   .            (helmet restricted)
rElec   .            (no cloak)
rCorr   .            (no gloves)
SInv    .            (no boots)
Will    .....        (no amulet) Stlth
                     i - ring of flight
HPRegen 0.26/turn    (no ring)
MPRegen 0.10/turn

%: no passive effects
@: lethally poisoned (-1 -> -4), flying
A: hooves 1, horns 1, demonic touch 1
a: no special abilities


You were on level 3 of the Dungeon.
You visited 1 branch of the dungeon, and saw 3 of its levels.

You collected 104 gold pieces.

Inventory:

Hand Weapons
 a - a +0 dagger
 h - a +0 whip
 o - a +2 short sword of holy wrath
 q - a +0 short sword
Missiles
 c - 8 poisoned darts (quivered)
 g - 10 stones
Armour
 d - a +0 chain mail (worn)
 f - a +0 robe
 k - a +0 kite shield
 m - a +0 ring mail
Jewellery
 i - a ring of flight (left hand)
Scrolls
 e - 2 scrolls of teleportation
 j - 6 scrolls of identify
 n - a scroll of acquirement
 p - 2 scrolls of blinking
Potions
 l - a potion of magic
 r - a potion of brilliance {unknown}
 s - a potion of enlightenment {unknown}


   Skills:
 - Level 2.0 Fighting
 - Level 1.0 Throwing
 - Level 2.0 Armour
 + Level 1.4 Dodging
 - Level 1.0 Stealth
 * Level 2.6 Unarmed Combat
 - Level 1.0 Spellcasting
 - Level 3.0 Hexes
 - Level 1.0 Evocations
 - Level 2.0 Shapeshifting


You had 6 spell levels left.
You didn't know any spells.
Your spell library contained the following spells:

 Spells                   Type           Power      Damage    Failure   Level
 Jinxbite                 Hex            18%        N/A       96%         2
 Ensorcelled Hibernation  Hex/Ice        8%         N/A       99%         2


Dungeon Overview and Level Annotations

Branches:
Dungeon (3/15)

Altars:


Innate Abilities, Weirdness & Mutations

You have large cloven feet.
You have a pair of small horns on your head.
Your touch may inflict minor irresistible damage on your foes.


Message History

You feel very sick.
The quokka twitches its whiskers.
The scorpion stings you but does no damage.
You hit the scorpion but do no damage.
The scorpion is moderately wounded.
You feel sick. The scorpion stings you.
You are more poisoned.
The scorpion poisons you! The quokka barely misses you.
You hit the scorpion but do no damage.
You punch the scorpion, but do no damage.
The scorpion is moderately wounded.
You feel very sick. The scorpion barely misses you.
The quokka bites you but does no damage.
You hit the scorpion.
You headbutt the scorpion, but do no damage.
The scorpion is heavily wounded.
You feel very sick.
The scorpion stings you but does no damage.
The quokka bites you but does no damage.
You hit the scorpion but do no damage. Your kick misses the scorpion.
You punch the scorpion.
The scorpion is severely wounded.
You feel sick.
The scorpion stings you but does no damage.
The quokka barely misses you. The scorpion barely misses you.
You barely miss the scorpion.
The scorpion is severely wounded.
You feel sick. The quokka bites you.
* * * LOW HITPOINT WARNING * * *
The scorpion stings you but does no damage.
You closely miss the scorpion. Your kick misses the scorpion.
The scorpion is severely wounded.
You feel sick. The quokka bites you.
* * * LOW HITPOINT WARNING * * *
The scorpion closely misses you.
It was a potion of magic.
Magic courses through your body.
* * * LOW HITPOINT WARNING * * *
You feel sick. The quokka bites you.
You die...

...........
......... #.#....##
#.......# #.....#.#
..###.<.....###
#........#....###
####..#..r......# #.
#..#..@s.....# .##
#..#..........
..####...#..........
..##..#.#.........#
#.##.##...#........
#.##.#......####...
######...........##
...
...<รท..............
.#
...###.......######


You could see a scorpion and a quokka.

Vanquished Creatures
  An orc priest (D:3)
  Robin (D:2)
  4 adders
  A dart slug (D:1)
  2 orcs (D:3)
  A ball python (D:1)
  An endoplasm (D:1)
  3 giant cockroaches
  9 goblins
  7 hobgoblins
  11 jackals
  2 quokkas
  5 bats
  2 frilled lizards
  2 kobolds
  5 rats
57 creatures vanquished.

Notes
Turn   | Place    | Note
-------+----------+-------------------------------------------
     0 | D:1      | IdlyInterested the Demonspawn Wanderer began the quest for
                  | the Orb.
     0 | D:1      | IdlyInterested set off with the following items: a +0
                  | dagger, a potion of berserk rage, 11 poisoned darts, a
                  | scroll of fear, a scroll of teleportation, a +0 robe; and
                  | the following spells available to memorise: Jinxbite,
                  | Ensorcelled Hibernation.
     0 | D:1      | Reached XP level 1. HP: 15/15 MP: 2/2
   171 | D:1      | Discovered your monstrous ancestry.
   171 | D:1      | Gained mutation: Your touch may inflict minor irresistible
                  | damage on your foes. [demonic ancestry]
   171 | D:1      | Reached XP level 2. HP: 21/21 MP: 3/3
   214 | D:1      | Reached skill level 1 in Dodging
   679 | D:1      | Found a faded altar of an unknown god.
   708 | D:1      | Reached XP level 3. HP: 27/27 MP: 4/4
  1141 | D:2      | Identified a scroll of acquirement
  1148 | D:2      | Noticed Robin
  1171 | D:2      | Reached skill level 1 in Stealth
  1176 | D:2      | Reached skill level 1 in Evocations
  1239 | D:2      | Reached skill level 1 in Shapeshifting
  1245 | D:2      | Killed Robin
  1426 | D:2      | Gained mutation: You have large cloven feet. [demonic
                  | ancestry]
  1426 | D:2      | Reached XP level 4. HP: 31/33 MP: 5/5
  2020 | D:3      | Gained mutation: You have a pair of small horns on your
                  | head. [demonic ancestry]
  2020 | D:3      | Reached XP level 5. HP: 14/38 MP: 6/6
  2230 | D:3      | Slain by a quokka

Illustrated notes

Levels and vault maps discovered:
D:1:      dpeg_arrival_prison, layout_basic,
          hellmonk_ecumenical_altar_inner_sanctum
D:2:      layout_basic, uniq_robin
D:3:      layout_rooms, mainiacjoe_overflow_brackets

Skill      XL: |  1  2  3  4 |
---------------+-------------+-----
Armour         | 2 |  2.0
Dodging        | 1 |  1.4
Unarmed Combat | 2 |  2.6
Fighting       | 2 |  2.0
Stealth        | 1 |  1.0
Evocations     | 1 |  1.0
Shapeshifting  | 1 2 |  2.0
Throwing       | |  1.0
Spellcasting   | |  1.0
Hexes          | |  3.0

Action                     |  1- 3 |  4- 6 || total
---------------------------+-------+-------++-------
  Melee: Unarmed           |   127 |   100 ||   227
         Touch             |    18 |     2 ||    20
         Punch             |     2 |     2 ||     4
         Kick              |       |    15 ||    15
         Headbutt          |       |     2 ||     2
  Throw: Dart              |    10 |     2 ||    12
    Use: Potion            |     5 |     2 ||     7
         Scroll            |     3 |       ||     3
   Stab: Sleeping          |     1 |       ||     1
 Armour: Robe              |    20 |       ||    20
         Ring mail         |    75 |       ||    75
         Chain mail        |     7 |   115 ||   122
  Dodge: Dodged            |    82 |    32 ||   114
  Block: Kite shield       |     8 |    35 ||    43

Table legend: (Time is in decaauts)
 A = Elapsed time spent in this place.
 B = Non-inter-level travel time spent in this place.
 C = Inter-level travel time spent in this place.
 D = Time resting spent in this place.
 E = Time spent auto-exploring this place.
 F = Levels seen in this place.
 G = Mean time per level.
                   A        B        C        D        E       F      G
               +--------+--------+--------+--------+--------+-----+--------+
         Total |   2243 |   1921 |    322 |    292 |    917 |   3 |  747.7 |
       Dungeon |   2243 |   1921 |    322 |    292 |    917 |   3 |  747.7 |
               +--------+--------+--------+--------+--------+-----+--------+

Top non-repeatable levels by time:
     D:1: 1090 daAuts
     D:2: 908 daAuts
     D:3: 244 daAuts
